 Dungeon Crawl Stone Soup version 0.31-a0-152-g6aa68a64a1 (webtiles) character file.

Game seed: 15546826702994062075

70 qw the Shooter (level 4, -14/39 HPs)
             Began as a Naga Hunter on June 10, 2023.
             Blown up by Ijyb (17 damage)
             ... with a mindburst bolt
             ... on level 3 of the Dungeon.
             The game lasted 00:00:29 (1064 turns).

qw the Shooter (Naga Hunter)                        Turns: 1064, Time: 00:00:30

Health: -14/39     AC:  2    Str: 23 (24) XL:     4   Next: 21%
Magic:  4/4        EV: 14    Int:  5 (6)  God:
Gold:   59         SH:  0    Dex: 15      Spells: 3/3 levels left

rFire   . . .        Y - +1 shortbow
rCold   . . .        (shield currently unavailable)
rNeg    . . .        c - +0 leather armour
rPois   +            (no helmet)
rElec   .            (no cloak)
rCorr   .            (no gloves)
SInv    +            (no barding)
Will    .....        (no amulet)
Stlth   ++           d - +6 ring of strength
HPRegen 0.26/turn    g - +5 ring of evasion
MPRegen 0.09/turn

%: no passive effects
@: very slow
A: AC +1, large, see invisible, deformed body, poison resistance, slowness 2,
spit poison 1, naga tail 1, dopey 1, strong 1, wild magic 1
a: Spit Poison


You were on level 3 of the Dungeon.
You visited 1 branch of the dungeon, and saw 3 of its levels.

You collected 59 gold pieces.


Innate Abilities, Weirdness & Mutations

Your serpentine skin is tough. (AC +1)
You have supernaturally acute eyesight. (SInv)
Armour fits poorly on your strangely shaped body.
Your system is resistant to poisons. (rPois)
You cover ground very slowly.
You can spit poison.
You have a snake-like lower body.
You are dopey. (Int -2)
Your muscles are strong. (Str +4, Int/Dex -1)
Your spells are a little harder to cast, but a little more powerful.


   Skills:
 + Level 2.0 Fighting
 - Level 5.1 Ranged Weapons
 - Level 1.5 Dodging
 - Level 1.5 Stealth


You had 3 spell levels left.
You didn't know any spells.
Your spell library was empty.

Inventory:

Hand Weapons
 Y - a +1 shortbow (weapon)
Armour
 c - a +0 leather armour (worn)
Jewellery
 d - a +6 ring of strength (left hand)
 g - a +5 ring of evasion (right hand)
Scrolls
 a - a scroll of identify
Potions
 f - a potion of mutation
 h - a potion of enlightenment {unknown}

Dungeon Overview and Level Annotations

Branches:
Dungeon (3/15)

Altars:

Annotations:
D:3 Ijyb


Message History

The splash of poison hits Ijyb but does no damage.
Ijyb is poisoned.
The orc priest closely misses you.
You shoot an arrow. The arrow hits the orc priest!
You kill the orc priest!
You hear a shout!
You feel your strength returning.
Your Ranged Weapons skill increases to level 5!
You have reached level 4!
You feel stronger.
You shoot an arrow. The arrow barely misses Ijyb.
The arrow hits the orc.
The orc is severely wounded.
You have got your breath back.
Ijyb hits you with a +0 club.
1059 ||| INVOKING Spit Poison.
Aiming: Spit Poison (1% risk of failure)
Press: ? - help, Shift-Dir - straight line, f/p - Ijyb The splash of poison hits Ijyb but does no damage.
Ijyb looks even sicker.
Ijyb is lightly wounded.
Ijyb hits you with a +0 club.
You shoot an arrow. The arrow hits Ijyb but does no damage.
Ijyb is lightly wounded.
Ijyb completely misses you.
You shoot an arrow. The arrow hits Ijyb but does no damage.
Ijyb is lightly wounded.
Ijyb barely misses you.
You shoot an arrow. The arrow hits Ijyb!
Ijyb is heavily wounded.
Ijyb screams, "Me very upset!"
Ijyb barely misses you.
You shoot an arrow. The arrow hits Ijyb but does no damage.
Ijyb is severely wounded.
Ijyb zaps a wand.
Your mind is blasted!
A frilled lizard comes into view.
Ijyb zaps a wand.
Your mind is blasted!
The frilled lizard moves out of view.
You shoot an arrow. The arrow closely misses Ijyb.
The arrow hits the orc.
You kill the orc!
You have got your breath back.
Ijyb zaps a wand.
Your mind is blasted!
You die...

~~~~~ ~~~~~ ......
......
##########......
#...<)..........
.....#.#.###.......
... #....@g)......
. #######o#+####
o.. ..... $....#
...(.# ....o..
....o..


You could see Ijyb (poisoned) and an orc wizard.

Vanquished Creatures
  An orc priest (D:3)
  A worm (D:2)
  An orc (D:3)
  4 ball pythons
  4 endoplasms
  2 giant cockroaches (D:1)
  3 goblins
  A hobgoblin (D:1)
  2 jackals (D:2)
  3 quokkas
  4 bats (D:2)
  A frilled lizard (D:2)
  4 kobolds
  5 rats
36 creatures vanquished.

Notes
Turn   | Place    | Note
-------+----------+-------------------------------------------
     0 | D:1      | qw the Naga Hunter began the quest for the Orb.
     0 | D:1      | Reached XP level 1. HP: 19/19 MP: 1/1
     0 | D:1      | 0 ||| qw: Version: 0.2-a-29-g767f381
     0 | D:1      | 0 ||| qw: Game counter: 3881
     0 | D:1      | 0 ||| qw: Always use a shield: true
     0 | D:1      | 0 ||| qw: God list: Okawaru
     0 | D:1      | 0 ||| qw: Allow faded altars: false
     0 | D:1      | 0 ||| qw: Do Orc after D:15 true
     0 | D:1      | 0 ||| qw: Do second Lair branch before Depths: true
     0 | D:1      | 0 ||| qw: Lair rune preference: random
     0 | D:1      | 0 ||| qw: Plans: Normal
     0 | D:1      | 0 ||| PLANNING D:1-11
    17 | D:1      | 17 ||| INVOKING Spit Poison.
    20 | D:1      | 20 ||| INVOKING Spit Poison.
    52 | D:1      | 52 ||| INVOKING Spit Poison.
   137 | D:1      | 137 ||| INVOKING Spit Poison.
   138 | D:1      | Reached skill level 4 in Ranged Weapons
   138 | D:1      | Reached XP level 2. HP: 26/26 MP: 2/2
   142 | D:1      | 142 ||| INVOKING Spit Poison.
   197 | D:1      | 197 ||| INVOKING Spit Poison.
   200 | D:1      | 200 ||| INVOKING Spit Poison.
   226 | D:1      | 226 ||| INVOKING Spit Poison.
   301 | D:1      | 301 ||| INVOKING Spit Poison.
   350 | D:1      | 350 ||| UPGRADING to +6 ring of strength.
   351 | D:1      | 351 ||| READING 4 scrolls labelled ARHUSO NUXE.
   352 | D:1      | 352 ||| READING scroll labelled XISHRA CIUPP.
   353 | D:1      | 353 ||| READING scroll labelled SYEGAC MUMIOSU.
   354 | D:1      | 354 ||| READING scroll labelled JOMAPI GAINOUZ.
   355 | D:1      | 355 ||| DRINKING 2 emerald potions.
   355 | D:1      | Gained mutation: Your muscles are strong. (Str +4, Int/Dex
                  | -1) [potion of mutation]
   355 | D:1      | Gained mutation: You are dopey. (Int -2) [potion of
                  | mutation]
   355 | D:1      | Gained mutation: Your spells are a little harder to cast,
                  | but a little more powerful. [potion of mutation]
   356 | D:1      | 356 ||| DRINKING 2 purple potions.
   357 | D:1      | 357 ||| READING 3 scrolls of identify.
   357 | D:1      | 357 ||| IDENTIFYING viscous black potion
   358 | D:1      | 358 ||| DROPPING scroll of butterflies.
   359 | D:1      | 359 ||| DROPPING potion of degeneration.
   360 | D:1      | 360 ||| DROPPING potion of invisibility.
   384 | D:2      | 384 ||| INVOKING Spit Poison.
   393 | D:2      | 393 ||| INVOKING Spit Poison.
   416 | D:2      | 416 ||| INVOKING Spit Poison.
   419 | D:2      | Reached XP level 3. HP: 32/32 MP: 3/3
   454 | D:2      | 454 ||| INVOKING Spit Poison.
   455 | D:2      | 455 ||| INVOKING Spit Poison.
   466 | D:2      | 466 ||| INVOKING Spit Poison.
   485 | D:2      | 485 ||| INVOKING Spit Poison.
   524 | D:2      | 524 ||| INVOKING Spit Poison.
   527 | D:2      | 527 ||| INVOKING Spit Poison.
   557 | D:2      | 557 ||| INVOKING Spit Poison.
   562 | D:2      | 562 ||| INVOKING Spit Poison.
   790 | D:2      | 790 ||| INVOKING Spit Poison.
   797 | D:2      | 797 ||| INVOKING Spit Poison.
   990 | D:2      | 990 ||| UPGRADING to +5 ring of evasion.
   991 | D:2      | 991 ||| DRINKING 2 inky potions.
  1032 | D:2      | 1032 ||| READING 2 scrolls of identify.
  1032 | D:2      | 1032 ||| IDENTIFYING cyan potion
  1033 | D:2      | 1033 ||| DROPPING potion of lignification.
  1034 | D:2      | 1034 ||| DROPPING potion of berserk rage.
  1045 | D:3      | 1045 ||| INVOKING Spit Poison.
  1049 | D:3      | Noticed Ijyb
  1050 | D:3      | 1050 ||| INVOKING Spit Poison.
  1052 | D:3      | 1052 ||| Stepping ~*~*~tactically~*~*~ (outnumbered).
  1056 | D:3      | 1056 ||| INVOKING Spit Poison.
  1058 | D:3      | Reached skill level 5 in Ranged Weapons
  1058 | D:3      | Reached XP level 4. HP: 39/39 MP: 4/4
  1059 | D:3      | 1059 ||| INVOKING Spit Poison.
  1063 | D:3      | HP: 3/39 [disintegration (15)]
  1064 | D:3      | Blown up by Ijyb

Levels and vault maps discovered:
D:1:      lightli_arrival_flooded_house, layout_rooms
D:2:      layout_loops_cross, minivault_27
D:3:      lemuel_castle_with_subvaults [lemuel_castle_interior_carwin_1],
          layout_basic, mainiacjoe_overflow_catch_the_wave,
          shapermc_ecumenical_altar_venn, kennysheep_boxes, uniq_ijyb

Skill      XL: |  1  2  3 |
---------------+----------+-----
Ranged Weapons | 4 5 |  5.1
Fighting       | |  2.0
Dodging        | |  1.5
Stealth        | |  1.5

Action                     |  1- 3 |  4- 6 || total
---------------------------+-------+-------++-------
   Fire: Shortbow          |    55 |     6 ||    61
Ability: Spit Poison       |    24 |     1 ||    25
    Use: Scroll            |     6 |       ||     6
         Potion            |     3 |       ||     3
 Armour: Leather armour    |     8 |       ||     8
  Dodge: Dodged            |     8 |     3 ||    11

Table legend:
 A = Non-vault XP
 B = Vault XP
 C = Vault XP percentage of total XP
 D = Non-vault monster count
 E = Vault monster count
 F = Vault count percentage of total count
                 A         B        C        D         E       F
            +---------+---------+-------+---------+---------+-------
      Total |     103 |       0 |   0.0 |      36 |       0 |   0.0
            +---------+---------+-------+---------+---------+-------
        D:1 |      23 |       0 |   0.0 |      14 |       0 |   0.0
        D:2 |      35 |       0 |   0.0 |      19 |       0 |   0.0
        D:3 |      45 |       0 |   0.0 |       3 |       0 |   0.0
            +---------+---------+-------+---------+---------+-------
